AoeStats
← dedsteg

Arabia

504985549Analyzed
1v1 RM · 25d ago on Sep 7, 2026· 43m 41s· 2 players
Game mode
Random Map
Map size
Tiny (2 player)
Population
200
Speed
Normal
Resources
Standard
Victory
Conquest
Starting age
Dark Age
Ending age
Imperial Age
RankedLock teamsTeams togetherTeam positionsShared explorationLock speedFull tech treeHidden civsTurbo modeCheats
Victory
Defeat
🇦🇷 Franks · Argentina
654
+15
🇷🇺 Byzantines · Russia
625
-15
dedsteg
10:12 Feudal Age
10:35 Horse Collar
13:42 Double-Bit Axe
16:11 Gold Mining
18:53 Stone Mining
19:40 Wheelbarrow
23:17 Castle Age
24:56 Pikeman
25:22 Arson
25:00 Elite Skirmisher
27:02 Hand Cart
27:25 Squires
34:41 Imperial Age
32:47 Fletching
33:12 Forging
34:51 Scale Mail Armor
35:31 Bow Saw
35:23 Heavy Plow
37:25 Halberdier
39:49 Stone Shaft Mining
39:53 Gold Shaft Mining
39:25 Padded Archer Armor
39:26 Bodkin Arrow
41:36 Iron Casting
Nachitopro19
0:27 Loom
10:40 Feudal Age
11:24 Double-Bit Axe
18:38 Castle Age
17:29 Scale Mail Armor
18:18 Forging
19:05 Scale Barding Armor
22:12 Chain Barding Armor
29:45 Imperial Age
31:31 Gold Mining
31:04 Cavalier
31:45 Husbandry
32:25 Iron Casting
33:23 Paladin
37:15 Blast Furnace
40:21 Wheelbarrow
40:27 Plate Barding Armor
44:00 Bow Saw
44:09 Chain Mail Armor
Connection lost

Rejoining the realm…

Still unreachable

The connection could not be restored.

Session expired

The server has moved on; the page needs a fresh start.